AoeStats
← [LMB] Vortex

Arena

509013250Analyzed
1v1 RM · 9d ago on Sep 25, 2026· 50m 49s· 2 players
Game mode
Random Map
Map size
Tiny (2 player)
Population
200
Speed
Normal
Resources
Standard
Victory
Conquest
Starting age
Dark Age
Ending age
Imperial Age
RankedLock teamsTeams togetherTeam positionsShared explorationLock speedFull tech treeHidden civsTurbo modeCheats
Victory
Defeat
🇲🇽 Franks · Mexico
1310
+18
🇨🇭 Armenians · Switzerland
1344
-20
og_kilo
10:38 Feudal Age
15:09 Castle Age
15:41 Bloodlines
16:00 Double-Bit Axe
16:00 Horse Collar
16:45 Scale Mail Armor
20:59 Sanctity
21:36 Squires
21:26 Arson
22:49 Fervor
23:28 Loom
25:25 Wheelbarrow
24:35 Town Watch
25:16 Bow Saw
25:08 Heavy Plow
27:05 Chain Mail Armor
28:52 Gold Mining
28:52 Stone Mining
30:59 Forging
38:18 Imperial Age
36:04 Hand Cart
35:48 Fletching
35:59 Padded Archer Armor
37:02 Ballistics
36:42 Bodkin Arrow
37:24 Leather Archer Armor
38:00 Gold Shaft Mining
40:21 Chemistry
39:25 Bracer
40:02 Iron Casting
40:48 Pikeman
41:05 Elite Composite Bowman
42:41 Ring Archer Armor
43:12 Blast Furnace
42:43 Plate Mail Armor
41:37 Halberdier
[LMB] Vortex
10:45 Feudal Age
12:22 Stone Mining
15:02 Castle Age
13:40 Double-Bit Axe
23:48 Wheelbarrow
24:05 Bow Saw
28:26 Imperial Age
25:46 Loom
26:23 Squires
26:37 Scale Mail Armor
27:12 Forging
27:36 Hand Cart
27:18 Gold Mining
27:52 Town Watch
28:29 Scale Barding Armor
29:18 Husbandry
30:54 Chemistry
30:14 Ballistics
29:51 Ordonnance Companies
30:46 Arson
31:17 Chain Mail Armor
31:25 Conscription
32:45 Plate Mail Armor
32:51 Iron Casting
32:25 Fletching
34:34 Chain Barding Armor
34:33 Cavalier
39:55 Plate Barding Armor
40:51 Blast Furnace
40:14 Bodkin Arrow
43:01 Elite Throwing Axeman
50:30 Gambesons
Connection lost

Rejoining the realm…

Still unreachable

The connection could not be restored.

Session expired

The server has moved on; the page needs a fresh start.